[Event "Copenhagen Challenge GM 2020"]
[Site "Ballerup"]
[Date "2020.07.23"]
[Round "3.4"]
[White "Rostgaard, Tobias Valentin"]
[Black "Haldorsen, Benjamin"]
[Result "0-1"]
[ECO "B06"]
[WhiteElo "2372"]
[BlackElo "2458"]
[Annotator "RC"]
[PlyCount "68"]
[EventDate "2020.07.22"]
[EventType "tourn"]
[EventCountry "DEN"]
[SourceTitle "playchess.com"]
[Source "ChessBase"]
[SourceQuality "1"]
[TimeControl "40/5400:0"]

1. e4 g6 2. d4 Bg7 3. Nc3 d6 4. Nf3 a6 5. a4 Nf6 6. h3 O-O 7. Be3 Nc6 8. Be2 e5 9. d5 Ne7 10. Qd2 Bd7 11. Nh2 b5 12. Ng4 b4 13. Nxf6+ Bxf6 14. Nd1 a5 15. g4 c6 16. Bh6 Re8 17. Ne3 cxd5 18. exd5 Qc7 19. h4 Nc8 20. h5 Nb6 21. hxg6 fxg6 22. Kf1 e4 23. Rb1 Nxa4 24. Bf4 Nxb2 25. Kg2 a4 26. g5 Bc3 27. Qc1 a3 28. Qg1 Be5 29. Qh2 Bc8 30. Bg4 Nc4 31. Nxc4 Bxg4 32. Bxe5 Bf3+ 33. Kg3 dxe5 34. d6 Qf7 0-1

[Event "Copenhagen Challenge GM 2020"]
[Site "Ballerup"]
[Date "2020.07.24"]
[Round "5.2"]
[White "Haubro, Martin"]
[Black "Hector, Jonny"]
[Result "0-1"]
[ECO "C74"]
[WhiteElo "2437"]
[BlackElo "2476"]
[Annotator "ChessBase"]
[PlyCount "26"]
[EventDate "2020.07.22"]
[EventType "tourn"]
[EventCountry "DEN"]
[SourceTitle "playchess.com"]
[Source "ChessBase"]
[SourceQuality "1"]
[TimeControl "40/5400:0"]

1. e4 e5 2. Nf3 Nc6 3. Bb5 a6 4. Ba4 d6 5. c3 f5 6. d4 fxe4 7. Nxe5 dxe5 8. Qh5+ Ke7 9. Bxc6 bxc6 10. Bg5+ Nf6 11. dxe5 Qd5 12. f4 exf3 13. O-O Ke6 0-1

[Event "Copenhagen Challenge GM 2020"]
[Site "Ballerup"]
[Date "2020.07.24"]
[Round "5.4"]
[White "Jacobsen, Mikkel Manosri"]
[Black "Haldorsen, Benjamin"]
[Result "0-1"]
[ECO "A40"]
[WhiteElo "2316"]
[BlackElo "2458"]
[Annotator "RC"]
[PlyCount "92"]
[EventDate "2020.07.22"]
[EventType "tourn"]
[EventCountry "DEN"]
[SourceTitle "playchess.com"]
[Source "ChessBase"]
[SourceQuality "1"]
[TimeControl "40/5400:0"]

1. d4 g6 2. c4 Bg7 3. Nf3 d6 4. e3 Nf6 5. Be2 O-O 6. O-O c5 7. b3 Nc6 8. Bb2 cxd4 9. Nxd4 Bd7 10. Nc3 Rc8 11. Bf3 a6 12. Qd2 Qb6 13. Na4 Qa7 14. Nxc6 Bxc6 15. Bd4 Qb8 16. Nb6 Rcd8 17. Nd5 Bxd5 18. cxd5 Nd7 19. Bxg7 Kxg7 20. Qd4+ Kg8 21. h4 Rc8 22. Bg4 f5 23. Be2 Qc7 24. g3 Qc3 25. Rfd1 Qxd4 26. Rxd4 Rc2 27. Kf1 Rfc8 28. Ke1 Nf6 29. Bf3 Rb2 30. Rd2 Rcc2 31. Rxc2 Rxc2 32. a3 Kf7 33. Rd1 Ra2 34. a4 Rb2 35. Rd3 Nd7 36. Bd1 Nc5 37. Rd2 Rb1 38. Rd4 a5 39. g4 fxg4 40. Rxg4 Nd3+ 41. Ke2 Rxd1 42. Rd4 Nxf2 43. Rf4+ Kg7 44. Kxf2 Rxd5 45. Ke2 b5 46. axb5 Rxb5 0-1